[Event "*** Titled Tuesday Blitz"]
[Site "Chess.com"]
[Date "2020.10.20"]
[Round "10"]
[White "Matols"]
[Black "sbouchet"]
[Result "0-1"]
[WhiteElo "2256"]
[BlackElo "2402"]
[TimeControl "180+1"]
[EndTime "11:58:47 PDT"]
[Termination "sbouchet won on time"]

1. d4 Nf6 2. c4 g6 3. g3 Bg7 4.
Bg2 O-O 5. Nc3 d6 6. Nf3 Nbd7 7. O-O c6 8. h3 e5 9. e4 Re8 10. Be3 exd4 11. Nxd4 a5 12. b3 Nc5 13. Qc2 Qe7 14. Rfe1 Bd7 15. Rad1 Rad8 16. Bg5 h6 17. Be3 Bc8 18.
Kh2 Kh7 19. a3 Ne6 20. b4 axb4 21. axb4 Nxd4 22. Bxd4 Be6 23. c5 dxc5 24. bxc5 Nd7 25. Bxg7 Kxg7 26. Na4 Kh7 27. Rb1 Ne5 28. Re3 Nc4 29.
Rc3 Rd2 30. Qc1 Rxf2 31. Rxc4 Bxc4 32. Qxc4 Qxe4 33. Qxe4 Rxe4 34. Nc3 Rc4 35. Nd1 Re2 36. Kg1 Rxc5 37. Bf1 Re7 38. Nf2 b5 39. Nd3 Rc3 40.
Nf4 Rxg3+ 41. Kf2 Rc3 42. h4 g5 43. hxg5 hxg5 44. Nh5 Kg6 45. Ng3 f5 46. Rd1 Re6 47. Rd8 f4 48. Ne2 Rc2 49. Kf3 Re3+ 50. Kf2 g4 51.
Rd6+ Kg5 52. Ke1 Rcxe2+ 53. Bxe2 f3 0-1

[Event "*** Titled Tuesday Blitz"]
[Site "Chess.com"]
[Date "2020.10.20"]
[Round "10"]
[White "mr_gustavo"]
[Black "MF1966Idrisov"]
[Result "1/2-1/2"]
[WhiteElo "2421"]
[BlackElo "2334"]
[TimeControl "180+1"]
[EndTime "11:58:48 PDT"]
[Termination "Game drawn by agreement"]

1. d4 d6 2. e4 Nf6 3. Nc3 g6 4. f4 Bg7 5. Nf3 O-O 6. Bd3 c5 7. dxc5 dxc5 8. e5 Nd5 9. Nxd5 Qxd5 10. Qe2 Nc6 11. O-O Nd4 12. Nxd4 Qxd4+ 13. Kh1 Be6 14. c3 Qd7 15. Be3 Rac8 16. Bc4 Bg4 17. Qf2 b6 18. h3 Be6 19. Rad1 Qc6 20. Bxe6 Qxe6 21.
Qd2 Rc7 22. b3 f6 23. f5 gxf5 24. exf6 Bxf6 25. Bf4 Rb7 26. Rfe1 Qf7 27. Re3 Kh8 28. Qd5 Qxd5 29. Rxd5 Bg7 30. Re6 Kg8 31. Rd3 Kf7 32. Rde3 Re8 33. h4 Bf6 34. Bg5 Bxg5 35. hxg5 Rd7 36. Kh2 Rd6 37. Rxd6 exd6 38. Rd3 Re6 39. Rh3 Kg7 40. c4 d5 41. cxd5 Rd6 42. Re3 Rxd5 43.
Re7+ Kg6 44. Rxa7 f4 45. Rb7 Rd6 46. Kh3 Kxg5 47. Rxh7 Rd3+ 48. Kh2 Rd2 49. a4 f3 50.
Rg7+ Kh6 51. Rg3 fxg2 52. Rxg2 Rd3 53. Rg3 Rd4 54. Kg2 Rb4 55. Kf2 c4 56. bxc4 Rxc4 57. Rb3 Rxa4 58. Rxb6+ Kg5 59. Kg3 1/2-1/2

[Event "*** Titled Tuesday Blitz"]
[Site "Chess.com"]
[Date "2020.10.20"]
[Round "10"]
[White "GlennTipton"]
[Black "Deepweb2020"]
[Result "1-0"]
[WhiteElo "2418"]
[BlackElo "2216"]
[TimeControl "180+1"]
[EndTime "11:58:49 PDT"]
[Termination "GlennTipton won on time"]

1. e4 e5 2. Nf3 Nc6 3. Bc4 Bc5 4. c3 Nf6 5. d3 d6 6. Bb3 a6 7. h3 Ba7 8. Nbd2 Ne7 9. Nf1 Ng6 10. N3h2 Be6 11.
Bc2 d5 12. Qf3 dxe4 13. dxe4 Qe7 14. Ng4 Nxg4 15. hxg4 O-O-O 16. Ne3 Bxe3 17. Bxe3 Qd7 18. g5 Qb5 19. Bc1 Nf4 20. g3 Nd3+ 21. Bxd3 Rxd3 22. Qe2 Qd7 23. Be3 Bg4 24. f3 Be6 25. O-O Rd8 26. Rfe1 f5 27. exf5 Bxf5 28. Bf2 e4 29. fxe4 Rd2 30.
Qe3 Be6 31. Re2 Rxe2 32. Qxe2 Qd2 33. Re1 Bxa2 34. Bd4 Qxe2 35. Rxe2 g6 36. Rh2 Bg8 37. Rf2 Kd7 38. Rf6 b6 39. Kf2 Re8 40. Kf3 Ke7 41. Kf4 Rf8 42. Ke5 Rd8 43. Rc6 Kd7 44. Rf6 Ke7 45. b4 Rd6 46. Kf4 Rxf6+ 47. gxf6+ Kd7 48. Kg5 1-0

[Event "*** Titled Tuesday Blitz"]
[Site "Chess.com"]
[Date "2020.10.20"]
[Round "10"]
[White "Beca95"]
[Black "Sibelephant"]
[Result "0-1"]
[WhiteElo "2911"]
[BlackElo "3114"]
[TimeControl "180+1"]
[EndTime "11:58:50 PDT"]
[Termination "Sibelephant won by resignation"]

1. e4 e5 2. Nf3 Nc6 3. Bb5 a6 4. Ba4 d6 5. c3 Bd7 6. d4 g6 7. d5 Nce7 8. Bxd7+ Qxd7 9. c4 h6 10. Nc3 f5 11. O-O Nf6 12. Nd2 Bg7 13. b4 O-O 14.
Rb1 b5 15. Qb3 Kh8 16. a4 fxe4 17. Ndxe4 Nxe4 18. Nxe4 bxc4 19. Qxc4 Qxa4 20. Qxc7 Nxd5 21. Qxd6 Rfd8 22. Qxg6 Qe8 23. Qg4 Qd7 24. Qh4 Qe6 25. Be3 Rf8 26. Rbd1 Nxe3 27. fxe3 Qc4 28. Qg4 Qxb4 29.
h4 a5 30. Rxf8+ Rxf8 31. Rd7 Rg8 32. Kh2 a4 33. Qf5 a3 34. g3 a2 35. Nf6 Qb2+ 36. Kh3 Qb1 37. Qe6 Qh1+ 38. Kg4 Bxf6+ 39. Kh5 Qf3+ 40.
g4 Qxg4+ 41. Qxg4 Rxg4 42. Ra7 Rg2 43. Kxh6 Bg7+ 44. Kh5 e4 45. Ra8+ Bf8 46. Ra6 Re2 47. Ra7 Kg8 48. Kg4 Rg2+ 49. Kf4 Bg7 50. Ra8+ Kh7 51.
Ra7 a1=Q 0-1

[Event "*** Titled Tuesday Blitz"]
[Site "Chess.com"]
[Date "2020.10.20"]
[Round "10"]
[White "1stSecond"]
[Black "ViditYT"]
[Result "0-1"]
[WhiteElo "2770"]
[BlackElo "2921"]
[TimeControl "180+1"]
[EndTime "11:58:50 PDT"]
[Termination "ViditYT won by resignation"]

1. Nf3 d5 2. g3 c5 3. c4 d4 4. e3 Nc6 5. exd4 cxd4 6. Bg2 Nf6 7. d3 e6 8. a3 a5 9. Bg5 Be7 10. Bxf6 Bxf6 11. O-O O-O 12. Nbd2 Be7 13. Re1 f6 14. Rc1 e5 15. c5 Be6 16. Qa4 Kh8 17. Nc4 Qc7 18.
Qb5 Ra6 19. Nfd2 Rb8 20. Ne4 Na7 21. Qa4 Bd5 22. Ncd6 Qc6 23. Qd1 a4 24. Qh5 g6 25.
Qh6 Bf8 26. Qh4 g5 27. Nxg5 fxg5 28. Qxg5 Bxd6 29. cxd6 Qxd6 30. Bxd5 Qxd5 31. Rxe5 Qf7 32. Re7 Qf6 33. Qc5 Rc6 34. Rxh7+ Kxh7 35. Qh5+ Kg7 36.
Re1 Rf8 37. Qg4+ Kh8 38. f4 Qg6 39. Qh4+ Qh7 40. Qg4 Rg6 41. Qf3 Nc6 42. Re4 Ne7 43.
Qe2 Nf5 44. Re5 Nxg3 45. hxg3 Rxg3+ 46. Kf2 Qh2+ 47. Ke1 Qxe2+ 48. Kxe2 Rxf4 0-1

[Event "*** Titled Tuesday Blitz"]
[Site "Chess.com"]
[Date "2020.10.20"]
[Round "10"]
[White "romulocardoso"]
[Black "night_player"]
[Result "1-0"]
[WhiteElo "2122"]
[BlackElo "2240"]
[TimeControl "180+1"]
[EndTime "11:58:51 PDT"]
[Termination "romulocardoso won on time"]

1. e4 c5 2. Nf3 Nc6 3. d4 cxd4 4. Nxd4 e5 5. Nb5 d6 6. N1c3 a6 7. Na3 b5 8. Nd5 Nce7 9. Bg5 f6 10. Bh4 Bb7 11. Qh5+ Ng6 12. Nxb5 axb5 13. Bxb5+ Kf7 14. Bc4 Ke8 15. Bb5+ Kf7 16. Bc4 Bxd5 17. Bxd5+ Ke8 18. Bxa8 Qxa8 19. f3 Be7 20. O-O Nh6 21. Bf2 Nf7 22.
Qf5 Qd8 23. Qe6 Nf4 24. Qb3 Kf8 25. a4 g6 26. g3 Nh5 27. a5 Kg7 28. a6 Qa8 29. a7 Rc8 30. Ra5 f5 31. Rb5 Qc6 32. Rb8 fxe4 33. Rxc8 Qxc8 34. Qb8 Qh3 35. a8=Q Ng5 36. Be3 Nxg3 37. Qh8+ Kh6 38. Bxg5+ Kxg5 39. Rf2 d5 40. Qxd5 Bf6 41. Qxe5+ Bxe5 42. Qxe5+ Kh6 43. Qxg3 Qf5 44. fxe4 Qxe4 45. Qf4+ Qxf4 46. Rxf4 1-0

[Event "*** Titled Tuesday Blitz"]
[Site "Chess.com"]
[Date "2020.10.20"]
[Round "10"]
[White "mr65"]
[Black "Fortitudine"]
[Result "1-0"]
[WhiteElo "2175"]
[BlackElo "2275"]
[TimeControl "180+1"]
[EndTime "11:58:54 PDT"]
[Termination "mr65 won on time"]

1. e4 c5 2. Nf3 d6 3. d4 cxd4 4. Nxd4 Nf6 5. Nc3 Nc6 6. Bg5 Bd7 7. Qd2 Rc8 8. O-O-O Nxd4 9. Qxd4 Qa5 10. f4 Rxc3 11. Qxc3 Qxc3 12. bxc3 Nxe4 13. Bh4 g6 14. Rd4 Bc6 15.
Bd3 Nxc3 16. Re1 Kd7 17. Kb2 Nd5 18. c3 e6 19. Bc4 Nb6 20. Bf6 Rg8 21. Bb3 Bxg2 22.
a4 Be7 23. Bxe7 Kxe7 24. a5 Nd7 25. Bd5 Bxd5 26. Rxd5 Nc5 27. Kc2 h6 28. Rd4 Kd7 29. Red1 g5 30. Rxd6+ Kc7 31. f5 g4 32. fxe6 fxe6 33. R6d4 h5 34. Rf1 Kc6 35. Re1 Rg6 36. Re5 h4 37. Rh5 g3 38. hxg3 hxg3 39. Rh1 g2 40.
Rg1 Rg3 41. Rd2 Ne4 42. Rdxg2 Rxc3+ 43. Kb2 Rc5 44. Rc2 Rxc2+ 45. Kxc2 Nc5 46. Kc3 b6 47. Kb4 bxa5+ 48. Kxa5 1-0

[Event "*** Titled Tuesday Blitz"]
[Site "Chess.com"]
[Date "2020.10.20"]
[Round "10"]
[White "cstevens1"]
[Black "Smirnov_Pavel"]
[Result "0-1"]
[WhiteElo "2670"]
[BlackElo "2864"]
[TimeControl "180+1"]
[EndTime "11:58:57 PDT"]
[Termination "Smirnov_Pavel won on time"]

1. e4 c5 2. Nf3 Nc6 3. Nc3 g6 4. Bb5 Bg7 5. Bxc6 bxc6 6. d3 d6 7. h3 Nf6 8. e5 Nd5 9. Qe2 O-O 10.
O-O Rb8 11. Re1 Be6 12. Ne4 h6 13. b3 Qd7 14. c4 Nb6 15. Bb2 Rbe8 16. exd6 exd6 17.
Bxg7 Kxg7 18. Nf6 Kxf6 19. Qb2+ Ke7 20. d4 cxd4 21. Nxd4 Kd8 22. Rad1 Kc8 23. c5 Nd5 24. cxd6 Qxd6 25. Nxc6 Kb7 26. Na5+ Ka8 27. Nc4 Qc6 28. Qg7 Nf4 29. Ne3 Rc8 30. Qxh6 Nd5 31. Nc4 Rh8 32. Qg5 Rh5 33. Qg3 Rch8 34. Ne5 Qb7 35. Nf3 Nc3 36. Rd4 Bd5 37. Ng5 Nb5 38. Rdd1 f6 39. Ne6 Bxe6 40. Rxe6 Rg5 41. Qh2 Nc3 42. Rde1 Rd5 43. Re8+ Rd8 44. Rxd8+ Rxd8 45. Qg3 Rc8 46. Qxg6 Nd5 47. Qf5 a6 48. Kh2 Rg8 49. Qf3 Rd8 50. g3 Ka7 51. Re2 Qb6 52. h4 Qd6 53. Qe4 Kb6 0-1

[Event "*** Titled Tuesday Blitz"]
[Site "Chess.com"]
[Date "2020.10.20"]
[Round "10"]
[White "HrvojeZagreb"]
[Black "anon481216"]
[Result "0-1"]
[WhiteElo "2198"]
[BlackElo "2400"]
[TimeControl "180+1"]
[EndTime "11:59:03 PDT"]
[Termination "anon481216 won on time"]

1. d4 d5 2. Bf4 c6 3. e3 Qb6 4. Nd2 Qxb2 5. Ngf3 Qb6 6. Bd3 Nf6 7.
O-O g6 8. c4 Bg7 9. e4 dxe4 10. Nxe4 Nxe4 11. Bxe4 O-O 12. h4 Bg4 13. Qd3 Nd7 14. Rab1 Qa6 15. Nh2 Be6 16. Rfc1 Nb6 17.
c5 Qxd3 18. Bxd3 Nd5 19. Be3 Rab8 20. Nf3 Rfd8 21. Ng5 Bf5 22. Bxf5 gxf5 23. g3 Rd7 24. Rb3 Nc7 25. Nf3 Nb5 26. Rc4 Rbd8 27. a4 Nxd4 28.
Nxd4 Bxd4 29. Bxd4 Rxd4 30. Rxd4 Rxd4 31. Rxb7 Rxa4 32.
Rxe7 f4 33. h5 fxg3 34. fxg3 Kg7 35. Rc7 Ra6 36. Kh2 Kf6 37. Kh3 h6 38. Kh4 Ke6 39. Rc8 Kd5 40. Rh8 Kxc5 41. Rxh6 Ra1 42. Rf6 a5 43.
Rxf7 a4 44. h6 a3 45. Kg5 Rh1 46. Ra7 Kb4 47. Kg6 c5 48. g4 c4 49. g5 c3 50. Kg7 c2 51. Rb7+ Kc3 52. h7 c1=Q 53.
Rc7+ Kb2 54. Rxc1 Kxc1 55. h8=Q Rxh8 56. Kxh8 a2 57. g6 a1=Q+ 58. g7 Qf6 59. Kh7 Qh4+ 60. Kg8 Kd2 61. Kf7 Qf4+ 62. Ke8 Qe5+ 63. Kf7 Qf5+ 64. Ke8 Qg6+ 65. Kf8 Qf6+ 66. Kg8 Ke3 67. Kh7 Qh4+ 68.
Kg8 Ke4 69. Kf7 Qf4+ 70. Ke8 Qe5+ 71. Kf7 Qf5+ 72. Ke8 Qg6+ 73. Kf8 Qf6+ 74. Kg8 Kf5 75. Kh7 Qh4+ 76. Kg8 Kg6 0-1

[Event "*** Titled Tuesday Blitz"]
[Site "Chess.com"]
[Date "2020.10.20"]
[Round "10"]
[White "MatyChess1"]
[Black "dpopadic"]
[Result "1/2-1/2"]
[WhiteElo "2545"]
[BlackElo "2411"]
[TimeControl "180+1"]
[EndTime "11:59:04 PDT"]
[Termination "Game drawn by repetition"]

1. e4 c5 2. Nf3 Nc6 3. d4 cxd4 4.
Nxd4 Nf6 5. Nc3 e5 6. Ndb5 d6 7. Bg5 a6 8. Na3 b5 9. Bxf6 gxf6 10. Nd5 Bg7 11. g3 O-O 12. Bg2 Rb8 13. O-O Ne7 14.
Nxe7+ Qxe7 15. Qh5 f5 16. exf5 e4 17. c3 b4 18. Nc4 bxc3 19. bxc3 Bb7 20. Rad1 Rbd8 21. Ne3 d5 22. Rb1 Bxc3 23. Rb6 f6 24. Rfb1 Ba8 25.
Ng4 Kh8 26. Rxa6 d4 27. Re6 Qg7 28. Bxe4 Bxe4 29. Rxe4 d3 30. Rd1 d2 31. Re2 Qf7 32. Qxf7 Rxf7 33. Ne3 Ra7 34. Kg2 Rxa2 35. Kf3 Bb4 36. Nf1 Rd7 37. Re4 Ba5 38. Ke2 Kg7 39. Re8 Kf7 40. Ra8 Re7+ 41. Ne3 Rc7 42. Ra6 Rd7 43.
g4 h6 44. h3 Rc7 45. Nd5 Rd7 46. Ne3 Rc7 47. Ra8 Kg7 48. Ra6 Re7 49. Ra8 Rd7 50. Ra6 Rc7 51. Kf1 Rd7 52. Ke2 Rc7 53.
Kf1 Re7 54. Ra8 Rc7 55. Ke2 Rd7 56. Ra6 1/2-1/2

[Event "*** Titled Tuesday Blitz"]
[Site "Chess.com"]
[Date "2020.10.20"]
[Round "10"]
[White "profofchess"]
[Black "UCantHandleDenker"]
[Result "0-1"]
[WhiteElo "2351"]
[BlackElo "2520"]
[TimeControl "180+1"]
[EndTime "11:59:04 PDT"]
[Termination "UCantHandleDenker won on time"]

1. e4 c5 2. Nf3 d6 3. c3 Nf6 4.
Bc4 g6 5. e5 dxe5 6. Nxe5 e6 7.
d4 Bg7 8. O-O cxd4 9. cxd4 O-O 10.
Nc3 Nbd7 11. Bg5 Nxe5 12. dxe5 Qxd1 13. Raxd1 Ng4 14. Be7 Re8 15. Bd6 Nxe5 16. Bb5 Nc6 17. Bxc6 bxc6 18. Na4 Ba6 19. Rfe1 Bc4 20. b3 Bd5 21.
Nc5 a5 22. h3 Bc3 23. Re3 Bb4 24. Ne4 Bxe4 25. Rxe4 Rad8 26. Red4 e5 27. R4d3 c5 28. Bc7 Rxd3 29. Rxd3 e4 30. Re3 f5 31. Kf1 Kf7 32.
f3 Rc8 33. Bg3 exf3 34. gxf3 c4 35. bxc4 Rxc4 36. Re2 Rc1+ 37. Kg2 Bc5 38. Bf2 Bxf2 39. Kxf2 Ra1 40. Rb2 Kf6 41. Kg3 h6 42. f4 g5 43.
Kf3 Kg6 44. Kg3 Kh5 45. Rc2 Rg1+ 46. Kh2 Rf1 47. fxg5 hxg5 48. Kg2 Ra1 49. Rf2 f4 50. Rb2 a4 51. Rc2 a3 52. Rd2 Rb1 53. Kf2 Rb2 54. Ke2 Kh4 0-1

[Event "*** Titled Tuesday Blitz"]
[Site "Chess.com"]
[Date "2020.10.20"]
[Round "10"]
[White "Triumphmate"]
[Black "Kurai"]
[Result "0-1"]
[WhiteElo "2420"]
[BlackElo "2577"]
[TimeControl "180+1"]
[EndTime "11:59:05 PDT"]
[Termination "Kurai won by resignation"]

1. e4 c6 2. Nf3 d5 3. exd5 cxd5 4. d4 Nc6 5. Bd3 Bg4 6. c3 Qc7 7. Be3 e6 8. Nbd2 Nf6 9. O-O Bd6 10. Qc2 h6 11. Rae1 O-O 12. a3 Ne7 13. h3 Bf5 14. Qb1 b5 15. Ne5 a5 16. f4 b4 17. axb4 axb4 18. g4 Bxd3 19. Qxd3 bxc3 20. bxc3 Rfc8 21. Rc1 Ra3 22. Nb1 Ra2 23. Nd2 Qb7 24. Rb1 Qa8 25. g5 Ne4 26. gxh6 Nf5 27. h7+ Kxh7 28. Rbc1 f6 29. Ng4 Ba3 30. Nf2 Bxc1 31. Rxc1 Nxe3 32. Nfxe4 dxe4 33. Qxe3 f5 34. Kf2 Kg8 35. c4 Qa3 36. Rc3 Qb2 37. Ke2 Rca8 38. c5 R8a3 39. Rxa3 Rxa3 40.
Qg1 Rd3 41. Qd1 Qxd4 42. Qc2 Qe3+ 43. Kd1 Qg1+ 44. Ke2 Qg2+ 45. Kd1 Qg1+ 46. Ke2 Qe3+ 47.
Kd1 Rc3 48. Qa2 Qg1+ 49. Ke2 Qg2+ 50. Kd1 Qh1+ 51. Ke2 Qh2+ 52. Kd1 Qg1+ 53. Ke2 Kf7 54. Qa7+ Kf6 55. c6 Qxa7 0-1

[Event "*** Titled Tuesday Blitz"]
[Site "Chess.com"]
[Date "2020.10.20"]
[Round "10"]
[White "AleksibFan"]
[Black "Susal_De_Silva"]
[Result "1-0"]
[WhiteElo "2573"]
[BlackElo "2437"]
[TimeControl "180+1"]
[EndTime "11:59:06 PDT"]
[Termination "AleksibFan won by resignation"]

1. d4 Nf6 2. Bg5 e6 3. Nf3 h6 4. Bf4 g5 5. Bg3 Bg7 6. e3 b6 7. c3 Bb7 8. Nbd2 d6 9. Bd3 Nbd7 10. e4 Nh5 11. Qe2 a6 12. O-O-O Qe7 13. Kb1 e5 14. Nc4 Nxg3 15. hxg3 O-O-O 16. Ne3 exd4 17. Nf5 Qf8 18. cxd4 b5 19. a4 Re8 20. axb5 axb5 21. Rhe1 Nf6 22. Qc2 Kb8 23. d5 Rc8 24. Bxb5 Ng4 25. N3d4 Ne5 26. f4 gxf4 27. gxf4 c5 28. dxc6 Nd7 29. Qd2 Rc7 30. cxb7 Rxb7 31. Qa5 Bxd4 32. Nxd4 Nc5 33. Nc6+ Kc8 34. Qa8+ Kc7 35. Qxf8 Rxf8 36. Nd4 Rfb8 37. e5 dxe5 38. Rxe5 Rxb5 39. Nxb5+ Rxb5 40. Rc1 Kd6 41. Rcxc5 Rxc5 42. Rxc5 Kxc5 43. Kc2 Kc4 44. b3+ Kb4 45. Kb2 f5 46. g3 h5 47. Kc2 Kb5 48. Kc3 Kc5 49.
b4+ Kb5 50. Kb3 Kb6 51. Kc4 Kc6 52. b5+ Kb6 53. Kb4 h4 54. gxh4 1-0

[Event "*** Titled Tuesday Blitz"]
[Site "Chess.com"]
[Date "2020.10.20"]
[Round "10"]
[White "PotapovaM"]
[Black "barriochess"]
[Result "1-0"]
[WhiteElo "2534"]
[BlackElo "2313"]
[TimeControl "180+1"]
[EndTime "11:59:07 PDT"]
[Termination "PotapovaM won by checkmate"]

1. e4 c5 2. g3 Nc6 3. Bg2 g6 4. d3 Bg7 5. Ne2 d6 6. O-O e5 7. Nec3 Nge7 8. Nd2 Be6 9. Nc4 d5 10. exd5 Nxd5 11. Ne4 b6 12. Ned6+ Kf8 13. Ne4 h6 14. a4 f5 15. Ned6 Kg8 16. Re1 Qd7 17. Nb5 Kh7 18. Bd2 Rhe8 19. c3 Bg8 20. h4 Rad8 21. h5 g5 22. Bh3 g4 23. Bg2 Bf8 24. Qc2 Bf7 25. a5 a6 26. Bxd5 Qxd5 27. Nc7 Qd7 28.
Nxe8 Qxe8 29. Bf4 Bd5 30. Nxe5 Qxh5 31. f3 Ne7 32. Qh2 Qxh2+ 33. Kxh2 gxf3 34. Kg1 b5 35.
Kf2 Ng6 36. Nxg6 Kxg6 37. Re5 Bg7 38. Re7 b4 39. Ra7 bxc3 40. Rxa6+ Kh7 41. bxc3 Bxc3 42. Rb1 Bd4+ 43. Be3 Bxe3+ 44. Kxe3 Re8+ 45. Kf2 Re2+ 46. Kf1 Rh2 47. Rbb6 Rh1+ 48. Kf2 Rh2+ 49. Kf1 c4 50. Ra7+ Kh8 51. Rb8+ Bg8 52. Raa8 Kg7 53. Rxg8+ Kf6 54. dxc4 Ke5 55. Rad8 Ke4 56. Rge8# 1-0

[Event "*** Titled Tuesday Blitz"]
[Site "Chess.com"]
[Date "2020.10.20"]
[Round "10"]
[White "akanga001"]
[Black "Skatchkov_V"]
[Result "0-1"]
[WhiteElo "1900"]
[BlackElo "2499"]
[TimeControl "180+1"]
[EndTime "11:59:07 PDT"]
[Termination "Skatchkov_V won on time"]

1. d4 Nf6 2. c4 e6 3. Nf3 b6 4.
g3 Bb7 5. Bg2 Be7 6. O-O O-O 7.
Nc3 Ne4 8. Bd2 Bf6 9. Qc2 Nxd2 10. Qxd2 c5 11. dxc5 bxc5 12. Rfd1 Qe7 13. Nb5 d5 14.
cxd5 exd5 15. e3 Rd8 16. Rac1 Na6 17. a3 Rac8 18. Nxa7 Rb8 19. Nb5 Bc6 20. Nc3 Rb3 21. Qc2 Rb7 22. Na4 Rc8 23. Nxc5 Rxb2 24. Qf5 Re8 25.
Nxa6 Rxf2 26. Rxc6 Qxe3 27. Qd3 Rxf3+ 28. Qxe3 Rfxe3 29.
Bxd5 Rxa3 30. Nc7 Rd8 31. Ra6 Rc3 32. Ra8 Rxc7 33. Rxd8+ Bxd8 34. Bxf7+ Kxf7 35. Rxd8 Rc2 36. Rd3 Kf6 37. Rf3+ Kg5 38. Rf2 Rc1+ 39. Kg2 h5 40. Rf4 Rb1 41. Rf2 Kh6 42. Re2 g5 43. Ra2 Rd1 44.
Ra6+ Kg7 45. Kh3 Rd2 46. Ra7+ Kf6 47. Ra6+ Ke7 48. Ra7+ Kd6 49. Ra5 g4+ 50. Kh4 Rxh2+ 51.
Kg5 Rh3 52. Ra6+ Ke5 53. Ra5+ Ke4 54. Kh6 Kf3 55. Ra3+ Kg2 56. Kg5 Kh2 57. Rc3 Rxg3 0-1

[Event "*** Titled Tuesday Blitz"]
[Site "Chess.com"]
[Date "2020.10.20"]
[Round "10"]
[White "NikolaGry"]
[Black "arminmusovic"]
[Result "0-1"]
[WhiteElo "2696"]
[BlackElo "2590"]
[TimeControl "180+1"]
[EndTime "11:59:08 PDT"]
[Termination "arminmusovic won on time"]

1. e4 c6 2. Nf3 d5 3. Nc3 dxe4 4. Nxe4 Nf6 5. Nxf6+ exf6 6. Be2 Bd6 7. O-O O-O 8. d4 Re8 9. Re1 Nd7 10. c4 Nf8 11.
Be3 Bg4 12. Qb3 Qc7 13. g3 Rad8 14. c5 Be7 15. Bf4 Qc8 16. Rad1 Ne6 17. Be3 Nc7 18. Nd2 Bh3 19. Nc4 Nd5 20. Bf3 Be6 21. Qa4 Qa8 22.
a3 Rd7 23. Qc2 Red8 24. b4 Qc8 25. Bc1 Bf8 26. Re2 g6 27. Bb2 Bf5 28. Qb3 h5 29. Rde1 Qc7 30. b5 Bh3 31. Ne3 Ne7 32. d5 Nxd5 33. Nxd5 cxd5 34. Bxf6 Rc8 35. Bxd5 Qxc5 36.
Bf3 Rd6 37. Be5 Rb6 38. Bf4 Be6 39. Qd1 Re8 40. a4 Qb4 41. Qd3 Bf5 42. Qd1 Rxe2 43.
Rxe2 Re6 44. Rxe6 Bxe6 45. Bxb7 Qc4 46. Bc6 a6 47. Bf3 axb5 48. a5 b4 49. Be2 Qc6 50. a6 Bd5 51. Qd3 Bh1 52. f3 b3 53. Kxh1 b2 54.
Qb1 Qc3 55. Kg2 Bc5 0-1

[Event "*** Titled Tuesday Blitz"]
[Site "Chess.com"]
[Date "2020.10.20"]
[Round "10"]
[White "mirceaparligras"]
[Black "GukeshDommaraju"]
[Result "1/2-1/2"]
[WhiteElo "2658"]
[BlackElo "2814"]
[TimeControl "180+1"]
[EndTime "11:59:09 PDT"]
[Termination "Game drawn - insufficient material"]

1. d4 Nf6 2. c4 e6 3. Nf3 d5 4.
Nc3 c5 5. cxd5 exd5 6. Bg5 Be6 7. e3 c4 8. Be2 Bb4 9. O-O O-O 10. Rc1 h6 11.
Bh4 g5 12. Bg3 Bxc3 13. bxc3 Ne4 14. Nd2 Nxg3 15. fxg3 Nd7 16. e4 dxe4 17. Nxe4 f5 18. Nd2 Nb6 19. Bf3 Qd7 20. Re1 Rfe8 21. Re5 Bf7 22.
Rxe8+ Rxe8 23. Qf1 Qe7 24. g4 fxg4 25. Bxg4 Qe3+ 26.
Qf2 Nd5 27. Qxe3 Rxe3 28. Nxc4 Rxc3 29. Rxc3 Nxc3 30. Nd6 Bd5 31. a3 Kf8 32. Kf2 a5 33. Bf3 Ke7 34. Nxb7 Bxb7 35. Bxb7 Nb5 36. Ke3 Nxa3 37.
Kd3 Nb5 38. Bc6 Nc7 39. g3 Kd6 40. Ba4 Nd5 41. h4 Nf6 42. hxg5 hxg5 43. Kc4 Ne4 44. g4 Nf2 45. Kb5 Nxg4 46. Bd1 Ne3 47. Bf3 Nc2 48.
Kxa5 Nxd4 49. Bh5 Kc5 50. Ka4 Kc4 51. Ka5 Kc5 52. Ka4 Ne6 53. Kb3 Kd4 54. Kc2 Ke3 55.
Kd1 Nf4 56. Bg4 Kf2 57. Kd2 Ng2 58. Bc8 Ne3 59. Kd3 Kf3 60. Kd2 Kf2 61. Kd3 Ng2 62. Kd2 Nh4 63. Kd3 Kf3 64. Kd2 g4 65. Bxg4+ 1/2-1/2

[Event "*** Titled Tuesday Blitz"]
[Site "Chess.com"]
[Date "2020.10.20"]
[Round "10"]
[White "chessmadara"]
[Black "Jungle_Jaguar"]
[Result "0-1"]
[WhiteElo "2208"]
[BlackElo "2584"]
[TimeControl "180+1"]
[EndTime "11:59:13 PDT"]
[Termination "Jungle_Jaguar won by resignation"]

1. e4 c5 2. Nf3 d6 3. d4 Nf6 4. Nc3 cxd4 5. Nxd4 Nc6 6. Bg5 e6 7. Qd2 a6 8. O-O-O Bd7 9. f3 Be7 10. Kb1 b5 11. h4 h6 12. Bxf6 gxf6 13. h5 Qb6 14. Nb3 O-O-O 15. Be2 Kb8 16. Rhe1 Bc8 17. Bf1 Ne5 18. Qe3 Qxe3 19. Rxe3 Rhg8 20. Nd4 Bb7 21. Nde2 Rd7 22. Nf4 Bd8 23. Ree1 Ba5 24. Nfe2 Rc8 25. a3 Kc7 26. b4 Bb6 27. Nd4 Kd8 28.
Kb2 Ke7 29. f4 Nc4+ 30. Bxc4 Rxc4 31. Nb3 Rd8 32. f5 Rg8 33. Rd2 Rg3 34. Rd3 Rxg2 35.
Red1 Bc7 36. Nc5 Bc8 37. Nb3 Rh2 38. fxe6 fxe6 39. Na5 Bxa5 40. bxa5 Rc6 41. Kb3 Rxh5 42. Ne2 Rhc5 43. Nd4 Rc7 44. R1d2 e5 45. Nf3 Be6+ 46. Kb2 R7c6 47. Nh4 Rc4 48. Re2 b4 49. Rg3 bxa3+ 50. Kxa3 Rc3+ 51. Rxc3 Rxc3+ 52. Kb2 Rh3 53. Nf5+ Bxf5 54.
exf5 Rf3 55. Rh2 Rxf5 56. Rxh6 e4 57. Rh7+ Ke6 58. Ra7 Rxa5 0-1

[Event "*** Titled Tuesday Blitz"]
[Site "Chess.com"]
[Date "2020.10.20"]
[Round "10"]
[White "FredyMatsuura"]
[Black "Zemerovv"]
[Result "1-0"]
[WhiteElo "2397"]
[BlackElo "2287"]
[TimeControl "180+1"]
[EndTime "11:59:15 PDT"]
[Termination "FredyMatsuura won by checkmate"]

1. d4 g6 2. e4 Bg7 3. Nc3 d6 4. Be3 a6 5. a4 Nc6 6. Nf3 e5 7. Bc4 exd4 8. Nxd4 Ne5 9. Be2 Nf6 10. O-O O-O 11. h3 Re8 12. f4 Ned7 13. Bf3 Nc5 14. e5 dxe5 15. fxe5 Rxe5 16. Bf4 Re7 17. Nb3 Rd7 18.
Nxc5 Rxd1 19. Raxd1 Qe7 20. b4 Bf5 21. Rfe1 Qf8 22. Bxb7 Re8 23. Rxe8 Qxe8 24. Kh1 Nh5 25. Bxc7 Bxc3 26. Rd8 Qxd8 27. Bxd8 Bxb4 28. Nxa6 Bd6 29.
c4 Ng3+ 30. Kg1 Bd3 31. c5 Bxa6 32. Bxa6 Bxc5+ 33. Kh2 Ne4 34. Bb7 Bd6+ 35. Kg1 Bc5+ 36. Kf1 Nd6 37. Bc6 Nc4 38. a5 Nxa5 39. Bxa5 Be7 40.
Bd5 h5 41. Ke2 Bd6 42. Ke3 Be7 43. Ke4 Bf8 44. Bc3 Be7 45. Kf4 Bf8 46. Bf6 Be7 47.
Bxe7 Kg7 48. Kg5 Kg8 49. Kf6 Kh7 50. Bxf7 g5 51. Bg6+ Kg8 52. Bf7+ Kh7 53. Bxh5 Kh6 54. Bg4 Kh7 55. Kxg5 Kg7 56. Bf6+ Kf7 57. Bf5 Ke8 58. h4 Kf8 59. h5 Kg8 60. h6 Kf8 61. h7 Kf7 62.
Bg6+ Ke6 63. h8=Q Kd5 64. Qd8+ Kc4 65. Qd4+ Kb5 66. Bd3+ Ka5 67. Qb2 Ka4 68. Kg4 Ka5 69.
Qb5# 1-0

[Event "*** Titled Tuesday Blitz"]
[Site "Chess.com"]
[Date "2020.10.20"]
[Round "10"]
[White "WuinaterJr"]
[Black "DenisQ"]
[Result "0-1"]
[WhiteElo "2531"]
[BlackElo "2677"]
[TimeControl "180+1"]
[EndTime "11:59:18 PDT"]
[Termination "DenisQ won on time"]

1. d4 Nf6 2. c4 c6 3. Nf3 d5 4. g3 Bf5 5. Bg2 e6 6. O-O Nbd7 7. Nc3 h6 8. Bf4 dxc4 9. Rc1 Nd5 10. Re1 b5 11. e4 Nxc3 12. bxc3 Bg4 13. d5 Nc5 14. h3 Bxf3 15. Qxf3 Nd3 16. dxe6 fxe6 17. Qh5+ Kd7 18. Red1 Qf6 19. e5 Qf5 20. Qe2 Kc7 21.
Qf3 Rc8 22. Qxc6+ Kd8 23. Qb7 Rc7 24. Qb8+ Rc8 25. Qb7 Rc7 26. Qb8+ Rc8 27. Qxb5 Bc5 28. Kh2 Bxf2 29. Rb1 g5 30. Qa5+ Ke8 31. Qa6 Kf7 32.
Rb7+ Kg6 33. Bc1 Qxe5 34. Re7 Rhe8 35. Rxe8 Rxe8 36. Rxd3 cxd3 37. Qxd3+ Kg7 38. c4 Re7 39. Bd2 Bd4 40. Qf3 Rf7 41. Qg4 Rf2 42. Bb4 Bc5 43.
Bxc5 Qxc5 44. Qxe6 Qd4 45. Qe7+ Rf7 46. Qe6 Qc5 47. Qe4 a5 48. Qe6 a4 49. Qe4 a3 50.
Qd3 Rf2 51. Qc3+ Kg6 52. Qd3+ Kf6 53. Qd8+ Ke5 54. Qe8+ Kd4 55. Qd7+ Kc3 56. Qe6 Kb2 57. Qe4 Kxa2 58. Qd3 Kb2 59. Qd1 a2 0-1